 Dungeon Crawl Stone Soup version 0.29.1-15-g9cfb28693d (webtiles) character file.

Game seed: 6525675066912319784

2061 cdecastro the Cleaver (level 9, -1/74 HPs)
             Began as a Minotaur Fighter on Mar 3, 2023.
             Was a Believer of Okawaru.
             Slain by a hornet (13 damage)
             ... on level 7 of the Dungeon on Mar 4, 2023.
             The game lasted 00:11:33 (6588 turns).

cdecastro the Cleaver (Minotaur Fighter)            Turns: 6588, Time: 00:11:34

Health: -1/74      AC: 11    Str: 24    XL:     9   Next: 5%
Magic:  10/10      EV:  8    Int:  5    God:    Okawaru [**....]
Gold:   247        SH:  0    Dex: 11    Spells: 8/8 levels left

rFire   . . .      SeeInvis .   a - +2 war axe (vorpal)
rCold   . . .      Faith    .   (no shield)
rNeg    . . .      Spirit   .   B - +0 chain mail
rPois   .          Reflect  .   (helmet restricted)
rElec   .          Harm     .   I - +0 cloak
rCorr   .          Rampage  .   f - +0 pair of gloves
Will    .....                   (no boots)
Stlth   ..........              (no amulet)
HPRegen 0.22/turn               (no ring)
MPRegen 0.12/turn               (no ring)

@: mighty
A: horns 2, retaliatory headbutt
a: Renounce Religion, Heroism


You were on level 7 of the Dungeon.
You worshipped Okawaru.
Okawaru was pleased with you.
You visited 2 branches of the dungeon, and saw 8 of its levels.
You also visited: Sewer.

You collected 349 gold pieces.
You spent 102 gold pieces at shops.

Inventory:

Hand Weapons
 a - a +2 vorpal war axe (weapon)
 D - a +4 spear
 H - a +2 trident of venom
Missiles
 t - 6 atropa-tipped darts (quivered)
 w - 22 poisoned darts
 G - a boomerang
Armour
 b - a +0 scale mail
 c - a +0 buckler
 f - a +0 pair of gloves (worn)
 B - a +0 chain mail (worn)
 I - a +0 cloak (worn)
Jewellery
 l - an amulet of the acrobat
 y - an amulet of regeneration
Scrolls
 e - 3 scrolls of enchant armour
 g - 8 scrolls of identify
 h - a scroll of amnesia {unknown}
 i - 2 scrolls of teleportation {unknown}
 j - a scroll of torment {unknown}
 m - a scroll of magic mapping {unknown}
 o - 2 scrolls of blinking {unknown}
 q - 2 scrolls of fear {unknown}
 r - 2 scrolls of fog {unknown}
 s - a scroll of brand weapon {unknown}
 u - a scroll of noise {unknown}
 F - a scroll of vulnerability {unknown}
Potions
 d - a potion of might
 k - a potion of brilliance {unknown}
 n - a potion of experience {unknown}
 p - a potion of haste {unknown}
 v - 2 potions of cancellation {unknown}
 x - 3 potions of curing {unknown}
 z - a potion of degeneration {unknown}
 A - 2 potions of mutation {unknown}
 C - a potion of ambrosia {unknown}
 E - a potion of heal wounds {unknown}


   Skills:
 - Level 5.0 Fighting
 + Level 13.2 Axes
 - Level 3.6 Armour
 - Level 3.6 Shields
 - Level 3.0 Invocations


You had 8 spell levels left.
You didn't know any spells.
Your spell library contained the following spells:

 Spells                   Type           Power      Damage    Failure   Level
 Magic Dart               Conj           0%         1d3       98%         1
 Inner Flame              Hex/Fire       0%         N/A       100%        3
 Mephitic Cloud           Conj/Pois/Air  0%         N/A       100%        3
 Cause Fear               Hex            0%         N/A       100%        4
 Discord                  Hex            0%         N/A       100%        8
 Call Imp                 Summ           Unusable   N/A       N/A         2

Dungeon Overview and Level Annotations

Branches:
Dungeon (7/15)             Temple (1/1) D:4           Sewer (visited)

Altars:
Ashenzari
Cheibriados
Elyvilon
Fedhas
Gozag
Hepliaklqana
Kikubaaqudgha
Makhleb
Nemelex Xobeh
Okawaru
Qazlal
Ru
Sif Muna
Trog
Uskayaw
Vehumet
Wu Jian
Xom
Yredelemnul
Zin
The Shining One

Shops:
D:3 (   D:6 *

Annotations:
D:7 Joseph


Innate Abilities, Weirdness & Mutations

You have a pair of horns on your head.
You reflexively headbutt those who attack you in melee.


Message History

Joseph shoots a sling bullet.
The sling bullet hits you!
Joseph shoots a sling bullet.
The sling bullet barely misses you. The ice beast closely misses you.
The hornet stings you!
You feel yourself slow down.
You completely miss the ice beast. You headbutt the ice beast.
The ice beast is lightly wounded.
You hit the hornet but do no damage. You closely miss the orc.
You feel yourself speed up.
The hornet stings you but does no damage.
The ice beast hits you. The ice beast freezes you.
The orc hits you but does no damage.
You hit the ice beast but do no damage.
The ice beast is lightly wounded.
You hit the orc. You hit the hornet but do no damage. The hornet stings you!
* * * LOW HITPOINT WARNING * * *
You feel yourself slow down. The orc hits you but does no damage.
An orc comes into view. It is wielding a +0 club.
The hornet closely misses you.
The ice beast hits you but does no damage.
You hear a shout!
You feel very mighty all of a sudden.
You feel yourself speed up.
The orc shouts!
The hornet stings you!
* * * LOW HITPOINT WARNING * * *
You feel yourself slow down. The ice beast hits you.
* * * LOW HITPOINT WARNING * * *
The ice beast freezes you!
* * * LOW HITPOINT WARNING * * *
The orc barely misses you. The hornet closely misses you.
Joseph unwields a +0 sling.
Joseph wields a +0 quarterstaff.
Joseph hits you with a +0 quarterstaff.
* * * LOW HITPOINT WARNING * * *
You hit the ice beast. You headbutt the ice beast.
Your punch misses the ice beast.
The ice beast is moderately wounded.
You closely miss the orc. You slash Joseph! You miss the hornet.
You feel yourself speed up.
You hear a shout!
The hornet stings you!
You die...

.........##......###
##....##..........#
......#...........# .
....#...............
...o..#...........#...
........!.........##..
............[.....# ..
.....##oo@y#....#...
...o...##@###...#....
.......o#Y# ...!.?...
..........# .@....
.....@..<.# ......
....o#.......# ...
....###.....## #..#
##....# #o. #...... ..
#.....<.


You could see Joseph, a hornet, an ice beast and 3 orcs.

Vanquished Creatures
  2 steam dragons
  A water moccasin (D:6)
  An ice beast (D:6)
  A black bear (D:6)
  Pargi (Sewer)
  2 ogres
  A centaur (D:7)
  2 phantoms (D:6)
  A kobold brigand (D:6)
  3 scorpions (D:6)
  A bullfrog (D:6)
  2 hounds
  An orc priest (D:4)
  5 iguanas
  4 orc wizards
  14 gnolls
  10 adders
  A shadow imp (D:6)
  A white imp (D:6)
  2 ufetubi (D:6)
  3 worms
  A dart slug (D:1)
  19 orcs
  14 bats
  9 endoplasms
  9 giant cockroaches
  4 hobgoblins
  8 jackals
  10 kobolds
  7 quokkas
  5 ball pythons
  6 frilled lizards
  9 goblins
  5 rats
165 creatures vanquished.

Vanquished Creatures (others)
  6 fungi (D:6)
  5 plants (D:6)
  4 toadstools (D:1)
15 creatures vanquished.

Grand Total: 180 creatures vanquished

Notes
Turn   | Place    | Note
-------+----------+-------------------------------------------
     0 | D:1      | cdecastro the Minotaur Fighter began the quest for the Orb.
     0 | D:1      | Reached XP level 1. HP: 19/19 MP: 0/0
    18 | D:1      | Reached skill level 3 in Axes
   186 | D:1      | Reached XP level 2. HP: 25/26 MP: 1/1
   304 | D:1      | Found a faded altar of an unknown god.
   379 | D:1      | Reached skill level 4 in Axes
   547 | D:1      | Reached XP level 3. HP: 30/31 MP: 2/2
   807 | D:2      | Reached skill level 5 in Axes
   894 | D:2      | Reached XP level 4. HP: 37/39 MP: 3/3
  1073 | D:2      | Reached skill level 6 in Axes
  1373 | D:3      | Reached XP level 5. HP: 38/45 MP: 4/4
  1426 | D:3      | Found Pemp's Antique Weapon Shop.
  1482 | D:3      | Found a glowing drain.
  1510 | Sewer    | Entered a sewer
  1567 | Sewer    | Noticed Pargi
  1580 | Sewer    | Killed Pargi
  1581 | Sewer    | Reached skill level 7 in Axes
  2103 | D:4      | Found a staircase to the Ecumenical Temple.
  2133 | D:4      | Reached XP level 6. HP: 51/51 MP: 5/5
  2134 | Temple   | Entered the Ecumenical Temple
  2365 | Temple   | Became a worshipper of Warmaster Okawaru
  2597 | D:4      | Reached skill level 8 in Axes
  3236 | D:3      | Reached skill level 9 in Axes
  3274 | D:4      | Reached XP level 7. HP: 56/57 MP: 6/6
  3608 | D:5      | Entered Level 5 of the Dungeon
  4053 | D:5      | Reached skill level 10 in Axes
  4112 | D:5      | Reached skill level 1 in Invocations
  4141 | D:5      | Reached * piety under Okawaru
  4679 | D:6      | Found Mefot's Assorted Antiques.
  4688 | D:6      | Bought a scroll labelled GOXKEE GUETWA for 21 gold pieces
  4688 | D:6      | Bought a bubbling golden potion for 18 gold pieces
  4688 | D:6      | Bought a scroll labelled ULOGHI EWACACS for 21 gold pieces
  4688 | D:6      | Bought a scroll labelled MUAL WOXEUROE for 21 gold pieces
  4688 | D:6      | Bought a scroll labelled EGGEGAHAMO for 21 gold pieces
  5174 | D:6      | Noticed a steam dragon
  5189 | D:6      | Killed a steam dragon
  5190 | D:6      | Reached skill level 11 in Axes
  5190 | D:6      | Reached XP level 8. HP: 4/64 MP: 9/9
  5625 | D:6      | Reached skill level 12 in Axes
  5642 | D:6      | Reached ** piety under Okawaru
  5647 | D:6      | Reached skill level 5 in Fighting
  6293 | D:7      | Noticed Joseph
  6296 | D:7      | Noticed a hornet
  6301 | D:6      | Reached skill level 13 in Axes
  6301 | D:6      | Reached XP level 9. HP: 37/74 MP: 10/10
  6588 | D:7      | Slain by a hornet

Illustrated notes

Levels and vault maps discovered:
D:1:      ldierk_walled_garden_2, layout_basic,
          hellmonk_ecumenical_altar_slurped_away, minmay_tetromino_i4
D:2:      layout_rooms, minivault_25, grunt_decor_resistance
D:3:      layout_basic, gup_sewer_entry_glass, serial_shops,
          nicolae_shop_temple_entry_statues_fountains
D:4:      layout_basic, minmay_temple_entry_large_hall
D:5:      layout_loops_ring
D:6:      old_forge, layout_basic, serial_shops, nicolae_shop_advertising_works
          [nicolae_subvault_shop_adworks]
D:7:      layout_cave_pools, uniq_crazy_yiuf_cottage, uniq_pikel, uniq_joseph
Temple:   mainiacjoe_temple_hex_bubbles

Skill      XL: |  1  2  3  4  5  6  7  8 |
---------------+-------------------------+-----
Axes           | 3 4 5 6 7 9 11 13 | 13.2
Invocations    | 3 |  3.0
Fighting       | 5 |  5.0
Armour         | |  3.6
Shields        | |  3.6

Action                   |  1- 3 |  4- 6 |  7- 9 || total
-------------------------+-------+-------+-------++-------
Melee: War axe           |    58 |   118 |   155 ||   331
       Headbutt          |     3 |    12 |    31 ||    46
Invok: Heroism           |       |       |     1 ||     1
  Use: Scroll            |       |       |     1 ||     1
       Potion            |       |       |     1 ||     1
Armor: Scale mail        |    30 |    51 |    11 ||    92
       Chain mail        |       |       |    70 ||    70
Dodge: Dodged            |    29 |    70 |    71 ||   170
